 Dungeon Crawl Stone Soup version 0.28.0-43-g3370ac3207 (webtiles) character file.

Game seed: 13876956105472155527

1537 H0rd4k the Thaumaturge (level 8, -7/43 HPs)
             Began as a Deep Elf Hedge Wizard on Mar 9, 2022.
             Was an Initiate of Gozag.
             Mangled by a gnoll
             ... wielding a +0 halberd
              (10 damage)
             ... on level 6 of the Dungeon.
             The game lasted 00:09:40 (6559 turns).

H0rd4k the Thaumaturge (Deep Elf Hedge Wizard)      Turns: 6559, Time: 00:09:40

Health: -7/43      AC:  5    Str:  7    XL:     8   Next: 56%
Magic:  10/24      EV: 13    Int: 28    God:    Gozag
Gold:   162        SH:  0    Dex: 14    Spells: 14/27 levels left

rFire   . . .      SeeInvis .   c - staff of conjuration
rCold   . . .      Faith    .   (no shield)
rNeg    . . .      Spirit   .   b - +0 robe
rPois   .          Reflect  .   l - +1 hat
rElec   .          Harm     .   (no cloak)
rCorr   .          Rampage  .   g - +0 pair of gloves
Will    .....                   f - +0 pair of boots
Stlth   ++........              (no amulet)
HPRegen 0.14/turn               e - ring of flight
MPRegen 0.19/turn               h - +6 ring of intelligence

@: on blink cooldown, flying
A: no striking features
a: Renounce Religion, Potion Petition, Call Merchant, Bribe Branch


You were on level 6 of the Dungeon.
You worshipped Gozag.
Gozag was aware of your devotion.
You visited 2 branches of the dungeon, and saw 7 of its levels.

You collected 233 gold pieces.
You paid 71 gold pieces to Gozag.

Inventory:

Hand Weapons
 a - a +0 dagger
Missiles
 k - a throwing net
Armour
 b - a +0 robe (worn)
 f - a +0 pair of boots (worn)
 g - a +0 pair of gloves (worn)
 l - a +1 hat (worn)
Magical Staves
 c - a staff of conjuration (weapon)
Jewellery
 e - a ring of flight (left hand)
 h - a +6 ring of intelligence (right hand)
 i - a ring of resist corrosion
 A - a ring of protection from fire
Wands
 w - a wand of flame (46)
 y - a wand of iceblast (6)
Scrolls
 j - 3 scrolls of vulnerability {unknown}
 m - 2 scrolls of identify {unknown}
 n - 2 scrolls of noise {unknown}
 p - a scroll of fog {unknown}
 r - a scroll of teleportation {unknown}
 u - a scroll of immolation {unknown}
Potions
 d - a potion of berserk rage {unknown}
 o - a potion of degeneration {unknown}
 q - a potion of might {unknown}
 s - a potion of flight {unknown}
 t - a potion of heal wounds
 v - a potion of cancellation {unknown}
 x - 2 potions of brilliance {unknown}
 z - a potion of resistance {unknown}
 B - a potion of magic {unknown}
 C - 2 potions of curing


   Skills:
 + Level 1.2 Fighting
 + Level 3.4 Dodging
 - Level 2.4 Stealth
 + Level 10.1 Spellcasting
 + Level 7.0 Conjurations
 + Level 1.1 Summonings
 + Level 1.3 Translocations
 - Level 2.3 Fire Magic
 - Level 2.0 Air Magic
 - Level 2.1 Poison Magic
 + Level 0.3 Evocations


You had 14 spell levels left.
You knew the following spells:

 Your Spells              Type           Power      Damage    Failure   Level
a - Magic Dart            Conj           100%       1d8       1%          1
b - Blink                 Tloc           42%        N/A       3%          2
c - Conjure Flame         Conj/Fire      57%        6-21      1%          3
d - Mephitic Cloud        Conj/Pois/Air  52%        N/A       2%          3
e - Fulminant Prism       Conj/Hex       25%        3d14      10%         4

Your spell library contained the following spells:

 Spells                   Type           Power      Damage    Failure   Level
 Searing Ray              Conj           100%       2d8       1%          2
 Call Imp                 Summ           20%        N/A       3%          2
 Slow                     Hex            56%        N/A       4%          1
 Call Canine Familiar     Summ           20%        N/A       8%          3
 Portal Projectile        Hex/Tloc       36%        N/A       9%          3
 Leda's Liquefaction      Hex/Erth       7%         N/A       36%         4


Dungeon Overview and Level Annotations

Branches:
Dungeon (6/15)             Temple (1/1) D:5

Altars:
Ashenzari
Cheibriados
Dithmenos
Elyvilon
Fedhas
Gozag
Kikubaaqudgha
Makhleb
Okawaru
Qazlal
Trog
Uskayaw
Vehumet
Wu Jian
Xom
Yredelemnul
Zin

Annotations:
D:4 exclusions: 2 downstairs and ogre
D:6 exclusion: upstairs, Duvessa


Message History

You kill the gnoll!
The iceblast engulfs the gnoll shaman!!
You kill the gnoll shaman!
You feel stable enough to blink again.
An orc priest comes into view. It is wielding a +0 hand axe.
Your Conjurations skill increases to level 7!
Aiming: Iceblast
Press: ? - help, Shift-Dir - straight line, f/p - Duvessa
Aim: Duvessa, wielding a +0 rapier and wearing a +4 ring mail of fire resistance (heavily wounded, berserk)
The mass of ice explodes!
The iceblast engulfs Duvessa!
Duvessa is severely wounded.
Duvessa is engulfed in noxious fumes.
Duvessa appears confused.
Aiming: Iceblast
Press: ? - help, Shift-Dir - straight line, f/p - Duvessa
Aim: Duvessa, wielding a +0 rapier and wearing a +4 ring mail of fire resistance (severely wounded, berserk, confused)
The mass of ice explodes!
The iceblast engulfs Duvessa.
Duvessa is severely wounded.
The gnoll closely misses you.
An orc priest comes into view. It is wielding a +0 dagger.
Aiming: Iceblast
Press: ? - help, Shift-Dir - straight line, f/p - Duvessa
Aim: Duvessa, wielding a +0 rapier and wearing a +4 ring mail of fire resistance (severely wounded, berserk, confused)
The mass of ice explodes!
The iceblast engulfs Duvessa.
Duvessa is almost dead.
The iceblast engulfs the orc priest!
The orc priest is almost dead.
The gnoll closely misses you.
Casting: Blink (safe; 3% risk of failure)
Confirm with . or Enter, or press ? or * to list all spells.
You blink.
An orc and an electric eel come into view.
The gnoll hits you but does no damage.
The electric eel shoots out a bolt of lightning at you!
The bolt of electricity hits you.
The orc priest mumbles some strange prayers to Beogh against you.
Beogh smites you!
* * * LOW HITPOINT WARNING * * *
The gnoll hits you from afar with a +0 halberd!
You die...
Your body crumbles into a pile of gold.

###..###$#
#.# ..#..##.#
#.# ≈
⌠.#...o$# #.#
≈≈ .#..##$#
#.. ≈≈≈###..#
#.# ###
≈≈S≈....# #.#
≈≈≈≈....###.#
##o.oge.#
#...#@#####
#.⌠ #.# #.
#.# .o ..# ..
..# . ####


You could see Duvessa (berserk, confused), an electric eel, an orc priest, a
gnoll and an orc.

Vanquished Creatures
  Pikel (D:6)
  Sigmund (D:6)
  Eustachio (D:5)
  A sky beast (D:6)
  A centaur (D:5)
  An ogre (D:6)
  2 lemures (D:6)
  A bullfrog (D:6)
  A scorpion (D:6)
  Dowan (D:6)
  A jelly (D:6)
  A hound (D:6)
  A gnoll shaman (D:6)
  An orc priest (D:6)
  2 iguanas (D:5)
  8 gnolls
  A howler monkey zombie (D:5)
  6 adders
  A dart slug (D:1)
  3 orcs (D:6)
  2 bats (D:2)
  2 endoplasms
  2 giant cockroaches
  8 hobgoblins
  7 jackals
  2 quokkas
  8 ball pythons
  2 frilled lizards
  2 goblins
  9 kobolds
  2 rats (D:1)
82 creatures vanquished.

Notes
Turn   | Place    | Note
-------+----------+-------------------------------------------
     0 | D:1      | H0rd4k the Deep Elf Hedge Wizard began the quest for the
                  | Orb.
     0 | D:1      | Reached XP level 1. HP: 10/10 MP: 7/7
   488 | D:1      | Reached skill level 5 in Spellcasting
   491 | D:1      | Reached XP level 2. HP: 15/15 MP: 5/10
   654 | D:1      | Found a faded altar of an unknown god.
  1287 | D:2      | Reached XP level 3. HP: 19/19 MP: 4/11
  1978 | D:2      | Learned a level 2 spell: Blink
  1982 | D:2      | Learned a level 3 spell: Conjure Flame
  1986 | D:2      | Learned a level 3 spell: Mephitic Cloud
  2010 | D:2      | Reached XP level 4. HP: 24/24 MP: 6/13
  2908 | D:3      | Reached skill level 6 in Spellcasting
  2908 | D:3      | Reached XP level 5. HP: 18/28 MP: 7/15
  3528 | D:4      | Noticed an ogre
  3620 | D:4      | Learned a level 4 spell: Fulminant Prism
  3859 | D:5      | Entered Level 5 of the Dungeon
  3984 | D:5      | Noticed a steam dragon
  4015 | D:5      | Noticed a centaur
  4017 | D:5      | Noticed Eustachio
  4216 | D:6      | Reached skill level 1 in Fire Magic
  4460 | D:6      | Noticed a sky beast
  4471 | D:6      | Reached skill level 1 in Air Magic
  4471 | D:6      | Reached skill level 1 in Poison Magic
  4471 | D:6      | Reached XP level 6. HP: 33/33 MP: 8/17
  4481 | D:6      | Killed a sky beast
  4546 | D:6      | Noticed Sigmund
  4577 | D:5      | Killed Eustachio
  4578 | D:5      | Reached skill level 7 in Spellcasting
  4578 | D:5      | Reached XP level 7. HP: 37/37 MP: 8/19
  4703 | D:5      | Found a staircase to the Ecumenical Temple.
  4733 | Temple   | Entered the Ecumenical Temple
  4971 | D:5      | Reached skill level 1 in Fighting
  5601 | D:6      | Reached skill level 5 in Conjurations
  5715 | D:6      | Killed Sigmund
  5716 | D:6      | Reached skill level 8 in Spellcasting
  5904 | D:6      | Noticed Pikel
  5925 | D:6      | Killed Pikel
  5926 | D:6      | Reached skill level 9 in Spellcasting
  5926 | D:6      | Reached XP level 8. HP: 8/43 MP: 15/23
  6250 | D:6      | Found an opulent altar of Gozag.
  6254 | D:6      | Found a basalt altar of Yredelemnul.
  6255 | D:6      | Found a snail-covered altar of Cheibriados.
  6256 | D:6      | Found an ancient bone altar of Kikubaaqudgha.
  6259 | D:6      | Became a worshipper of Gozag Ym Sagoz the Greedy
  6532 | D:6      | Noticed Duvessa
  6532 | D:6      | Noticed Dowan
  6539 | D:6      | Killed Dowan
  6540 | D:6      | Reached skill level 10 in Spellcasting
  6559 | D:6      | Mangled by a gnoll

Illustrated notes

Levels and vault maps discovered:
D:1:      roderic_crop_circles_arrival_small, layout_loops_ring,
          ebering_ecumenical_altar_abandoned, fountainhead
D:2:      layout_basic, hangedman_decor_clover_reticule,
          kennysheep_generic_room_3
D:3:      layout_rooms, minivault_14, minmay_misc_feat_columns
D:4:      layout_gridville
D:5:      layout_loops_corners, minmay_temple_entry_stoned_glass, uniq_eustachio
D:6:      layout_basic, mainiacjoe_overflow_alcove_3, st_stairs_4, fountainhead,
          uniq_sigmund, uniq_duvessa, uniq_pikel
Temple:   cyrus_circular_temple

Skill      XL: |  1  2  3  4  5  6  7  8 |
---------------+-------------------------+-----
Spellcasting   | 5 6 7 9 10 | 10.1
Conjurations   | 2 3 4 6 7 |  7.0
Dodging        | 3 |  3.4
Fire Magic     | 1 2 |  2.3
Air Magic      | 1 2 |  2.0
Poison Magic   | 1 2 |  2.1
Fighting       | 1 |  1.2
Stealth        | |  2.4
Summonings     | |  1.1
Translocations | |  1.3
Evocations     | |  0.3

Action                   |  1- 3 |  4- 6 |  7- 9 || total
-------------------------+-------+-------+-------++-------
 Cast: Magic Dart        |    89 |    91 |    46 ||   226
       Mephitic Cloud    |       |     4 |     6 ||    10
       Conjure Flame     |       |     2 |     9 ||    11
       Blink             |       |       |     4 ||     4
Evoke: Wand              |       |       |     7 ||     7
  Use: Potion            |       |       |     1 ||     1
Armor: Robe              |     9 |     2 |     5 ||    16
Dodge: Dodged            |    12 |    13 |    12 ||    37
